 Dungeon Crawl Stone Soup version 0.29-a0-356-g7bc237e783 (webtiles) character file.

Game seed: 3382572135909705003

267051 Psyclone the Swashbuckler (level 20, -10/157 HPs)
             Began as a Gnoll Ice Elementalist on Apr 25, 2022.
             Was an Initiate of Gozag.
             Killed from afar by a deep elf knight (29 damage)
             ... with a shard of ice
             ... on level 2 of the Elven Halls.
             The game lasted 02:41:11 (58340 turns).

Psyclone the Swashbuckler (Gnoll Ice Elementalist) Turns: 58340, Time: 02:41:11

Health: -10/157    AC: 21    Str: 10    XL:     20   Next: 11%
Magic:  10/38      EV: 20    Int: 33    God:    Gozag
Gold:   2505       SH:  0    Dex: 22    Spells: 10/47 levels left

rFire   + . .      SeeInvis +   t - +8 scimitar of Accord {elec, rElec Int+7}
rCold   + + .      Faith    .   q - orb {light}
rNeg    . . .      Spirit   .   J - +4 ring mail of Lies {Slay+6}
rPois   .          Reflect  .   (no helmet)
rElec   +          Harm     .   O - scarf {rC+ rF+}
rCorr   .          Rampage  .   V - +2 pair of gloves {Dex+3}
Will    +....                   S - +2 pair of boots {Stlth+}
Stlth   +++.......              y - amulet "Paqarot" {Acrobat rElec Str-4 Slay+3}
HPRegen 0.36/turn               e - ring of Accord {rF+ Int+3}
MPRegen 0.26/turn               F - ring "Seileot" {rF- rC+ Str+6 Dex+6 Slay+5}

@: gold aura, freezing walls, very slightly contaminated, glowing, studying 2
skills
A: fangs 1, strong nose, distributed training, iridescent scales 1, see
invisible, MP-powered wands
}: 2/15 runes: decaying, gossamer
a: Renounce Religion, Potion Petition, Call Merchant, Bribe Branch


You were on level 2 of the Elven Halls.
You worshipped Gozag.
Gozag was most pleased with you.
You visited 7 branches of the dungeon, and saw 34 of its levels.
You visited the Abyss 2 times.
You also visited: Trove, Ice Cave and Volcano.

You collected 15284 gold pieces.
You spent 6790 gold pieces at shops.
You paid 5989 gold pieces to Gozag.

Inventory:

Hand Weapons
 b - the +7 rapier of the Eleven Beggars {vorpal, *Noise rC+ Int+6 SInv}
   (You found it in a treasure trove)

   It inflicts extra damage upon your enemies.
   Int:       It affects your intelligence (+6).
   rC:        It protects you from cold.
   SInv:      It lets you see invisible.
   *Noise:    It may make noises in combat.
 t - the +8 scimitar of Accord (weapon) {elec, rElec Int+7}
   (You found it on level 15 of the Dungeon)

   It occasionally discharges a powerful burst of electricity upon striking a
   foe.
   Int:       It affects your intelligence (+7).
   rElec:     It insulates you from electricity.
Armour
 q - an orb of light (worn)
 s - a +2 helmet of intelligence
 J - the +4 ring mail of Lies (worn) {Slay+6}
   (You bought it in a shop on level 3 of the Dungeon)

   Slay:      It affects your accuracy & damage with ranged weapons and melee
   (+6).
 O - a scarf of resistance (worn)
 S - a +2 pair of boots of stealth (worn)
 V - a +2 pair of gloves of dexterity (worn)
Magical Staves
 a - a staff of poison
 i - a staff of conjuration
Jewellery
 d - a ring of wizardry
 e - the ring of Accord (left hand) {rF+ Int+3}
   (You took it off a centaur on level 9 of the Dungeon)

   [ring of protection from fire]

   Int:       It affects your intelligence (+3).
   rF:        It protects you from fire.
 k - the ring of Kucull {rPois rCorr Str+3}
   (You took it off a deep elf pyromancer on level 13 of the Dungeon)

   [ring of resist corrosion]

   Str:       It affects your strength (+3).
   rPois:     It protects you from poison.
   rCorr:     It protects you from acid and corrosion.
 w - a ring of flight
 y - the amulet "Paqarot" (around neck) {Acrobat rElec Str-4 Slay+3}
   (You bought it in a shop on level 3 of the Lair of Beasts)

   [amulet of the acrobat]

   It increases your evasion while moving and waiting.
   Str:       It affects your strength (-4).
   Slay:      It affects your accuracy & damage with ranged weapons and melee
   (+3).
   rElec:     It insulates you from electricity.
 F - the ring "Seileot" (right hand) {rF- rC+ Str+6 Dex+6 Slay+5}
   (You bought it in a shop on level 3 of the Lair of Beasts)

   [ring of dexterity]

   Str:       It affects your strength (+6).
   Dex:       It affects your dexterity (+6).
   Slay:      It affects your accuracy & damage with ranged weapons and melee
   (+5).
   rF:        It makes you vulnerable to fire.
   rC:        It protects you from cold.
 U - a ring of ice
Wands
 g - a wand of flame (20)
 m - a wand of digging (30)
 K - a wand of paralysis (19)
 L - a wand of iceblast (42)
 R - a wand of polymorph (22)
 T - a wand of charming (20)
 X - a wand of mindburst (4)
Scrolls
 f - 12 scrolls of teleportation
 h - 8 scrolls of fog
 j - 5 scrolls of summoning
 p - 3 scrolls of magic mapping
 u - 7 scrolls of fear
 v - 2 scrolls of amnesia
 x - 12 scrolls of blinking
 z - 3 scrolls of holy word
 C - 6 scrolls of immolation
 W - 3 scrolls of silence {!r}
Potions
 l - 3 potions of berserk rage
 n - a potion of cancellation
 o - 3 potions of mutation
 r - 6 potions of might
 A - 2 potions of invisibility
 D - 7 potions of haste
 E - 6 potions of lignification
 H - 5 potions of magic
 M - 4 potions of heal wounds
 N - 12 potions of curing
 P - 4 potions of ambrosia
 Y - 3 potions of brilliance
Miscellaneous
 c - a phantom mirror
 G - a condenser vane
 Q - a box of beasts


   Skills:
 + Level 13.5 Fighting
 + Level 15.7 Short Blades
 + Level 13.5 Long Blades
 + Level 13.5 Axes
 + Level 13.5 Maces & Flails
 + Level 13.5 Polearms
 + Level 13.5 Staves
 + Level 13.5 Slings
 + Level 13.5 Bows
 + Level 13.5 Crossbows
 + Level 13.5 Throwing
 + Level 13.5 Armour
 + Level 14.2 Dodging
 + Level 14.1 Stealth
 + Level 13.5 Shields
 + Level 13.5 Unarmed Combat
 + Level 14.3 Spellcasting
 + Level 11.5 Conjurations
 + Level 11.5 Hexes
 + Level 11.5 Summonings
 + Level 11.5 Necromancy
 + Level 11.5 Translocations
 + Level 11.5 Transmutations
 + Level 11.5 Fire Magic
 + Level 15.2 Ice Magic
 + Level 11.5 Air Magic
 + Level 11.5 Earth Magic
 + Level 11.5 Poison Magic
 + Level 14.7 Invocations
 + Level 13.5 Evocations


You had 10 spell levels left.
You knew the following spells:

 Your Spells              Type           Power      Damage    Failure   Level
a - Freeze                Ice            100%       1d11      0%          1
b - Frozen Ramparts       Ice            100%       1d12      1%          3
c - Ozocubu's Armour      Ice            90%        N/A       1%          3
d - Hailstorm             Conj/Ice       84%        3d17      1%          4
e - Sticky Flame          Conj/Fire      79%        2d9       1%          4
f - Freezing Cloud        Conj/Ice/Air   41%        6-21      1%          5
g - Fireball              Conj/Fire      39%        3d16      1%          5
h - Passage of Golubria   Tloc           79%        N/A       1%          4
r - Swiftness             Air            79%        N/A       1%          3
x - Irradiate             Conj/Tmut      39%        3d26      1%          5

Your spell library contained the following spells:

 Spells                   Type           Power      Damage    Failure   Level
 Animate Skeleton         Necr           100%       N/A       1%          1
 Apportation              Tloc           100%       N/A       1%          1
 Beastly Appendage        Tmut           100%       N/A       1%          1
 Foxfire                  Conj/Fire      100%       2x1d9     1%          1
 Sandblast                Erth           100%       2d20      1%          1
 Sting                    Tmut/Pois      100%       1d8       1%          1
 Summon Small Mammal      Summ           100%       N/A       1%          1
 Ensorcelled Hibernation  Hex/Ice        100%       N/A       1%          2
 Passwall                 Tmut/Erth      65%        N/A       1%          2
 Static Discharge         Conj/Air       79%        N/A       1%          2
 Sublimation of Blood     Necr           79%        N/A       1%          2
 Wereblood                Tmut           79%        N/A       1%          2
 Call Canine Familiar     Summ           79%        N/A       1%          3
 Conjure Flame            Conj/Fire      79%        6-21      1%          3
 Gell's Gravitas          Tloc           79%        N/A       1%          3
 Inner Flame              Hex/Fire       79%        N/A       1%          3
 Lesser Beckoning         Tloc           79%        N/A       1%          3
 Portal Projectile        Hex/Tloc       100%       N/A       1%          3
 Spider Form              Tmut/Pois      79%        N/A       1%          3
 Summon Guardian Golem    Hex/Summ       79%        N/A       1%          3
 Teleport Other           Tloc           79%        N/A       1%          3
 Tukima's Dance           Hex            79%        N/A       1%          3
 Animate Dead             Necr           39%        N/A       1%          4
 Cause Fear               Hex            39%        N/A       1%          4
 Dispel Undead            Necr           79%        3d26      1%          4
 Flame Wave               Conj/Fire      79%        2d14      1%          4
 Fulminant Prism          Conj/Hex       39%        3d18      1%          4
 Ice Form                 Ice/Tmut       84%        N/A       1%          4
 Iskenderun's Mystic Bla  Conj/Tloc      79%        2d16      1%          4
 Leda's Liquefaction      Hex/Erth       39%        N/A       1%          4
 Petrify                  Tmut/Erth      79%        N/A       1%          4
 Summon Ice Beast         Ice/Summ       84%        N/A       1%          4
 Alistair's Intoxication  Tmut/Pois      52%        N/A       1%          5
 Borgnjor's Vile Clutch   Necr/Erth      39%        N/A       1%          5
 Lee's Rapid Deconstruct  Erth           39%        3d20*     1%          5
 Lightning Bolt           Conj/Air       39%        1d58      1%          5
 Manifold Assault         Tloc           79%        N/A       1%          5
 Metabolic Englaciation   Hex/Ice        42%        N/A       1%          5
 Silence                  Hex/Air        39%        N/A       1%          5
 Yara's Violent Unravell  Hex/Tmut       39%        3d16      1%          5
 Simulacrum               Ice/Necr       42%        N/A       2%          6
 Death Channel            Necr           39%        N/A       4%          6
 Dispersal                Tloc           39%        N/A       4%          6
 Eringya's Noxious Bog    Tmut/Pois      39%        N/A       4%          6
 Starburst                Conj/Fire      39%        6d11      4%          6
 Statue Form              Tmut/Erth      52%        N/A       4%          6
 Dragon Form              Tmut           39%        N/A       26%         7
 Ignition                 Fire           39%        3d12      90%         8
 Maxwell's Capacitive Co  Air            39%        ∞         90%         8
 Dragon's Call            Summ           39%        N/A       100%        9
 Polar Vortex             Ice            45%        N/A       100%        9


Dungeon Overview and Level Annotations

Branches:
Dungeon (15/15)            Temple (1/1) D:5            Lair (6/6) D:10
  Swamp (4/4) Lair:4       Spider (4/4) Lair:2        Slime (0/5) Lair:6
    Orc (2/2) D:10            Elf (2/3) Orc:2        Vaults (0/5) D:14
 Depths (0/4) D:15          IceCv (visited)         Volcano (visited)

Altars:
Ashenzari
Cheibriados
Dithmenos
Elyvilon
Fedhas
Gozag
Hepliaklqana
Kikubaaqudgha
Makhleb
Nemelex Xobeh
Okawaru
Qazlal
Ru
Sif Muna
Trog
Uskayaw
Vehumet
Wu Jian
Xom
Yredelemnul
Zin
The Shining One
Beogh

Shops:
D:3 ((([[   D:4 [**((:   D:7 :   D:8 [   Orc:1 (   Orc:2 :?[[(:   Lair:1 =[
Lair:2 *   Lair:3 =(

Portals:
Abyss: Swamp:2

Annotations:
D:9 Psyche


Innate Abilities, Weirdness & Mutations

You have very sharp teeth.
Your uncanny sense of smell can sniff out nearby items.
Your experience applies equally to all skills.
You are partially covered in iridescent scales. (AC +2)
You have supernaturally acute eyesight. (SInv)
You expend magic power (3 MP) to strengthen your wands.


Message History

The +3 trident of protection hits you from afar.
* * * LOW HITPOINT WARNING * * *
You take 17 damage, and have 26/157 hp.
You now have 24/38 mp.
Casting: Hailstorm (safe; 1% risk of failure)
Confirm with . or Enter, or press ? or * to list all spells.
Casting: Hailstorm (safe; 1% risk of failure)
Press: ? - help, Dir - look around, f - activate A cannonade of hail descends around you!
The hail pelts the +3 trident of protection!!
The +3 trident of protection partially resists.
The +3 trident of protection turns to gold and falls from the air.
The hail pelts the deep elf zephyrmancer!!
You kill the deep elf zephyrmancer!
The wall freezes the deep elf blademaster!
The deep elf blademaster hits you but does no damage.
The deep elf blademaster barely misses you.
The wall freezes the deep elf blademaster.
The deep elf blademaster hits you but does no damage. x2
You now have 20/38 mp.
Casting: Hailstorm (safe; 1% risk of failure)
Confirm with . or Enter, or press ? or * to list all spells.
You erupt in a fountain of uncontrolled magic!
The deep elf blademaster is blasted with magical radiation!!!
The deep elf blademaster is severely wounded.
The deep elf blademaster twists and deforms.
You are very lightly contaminated with residual magic.
The wall freezes the deep elf blademaster!
The deep elf blademaster hits you but does no damage.
The deep elf blademaster hits you with a +0 rapier!
* * * LOW HITPOINT WARNING * * *
You take 8 damage, and have 18/157 hp.
You now have 15/38 mp.
Casting: Irradiate (mildly dangerous; 1% risk of failure)
Confirm with . or Enter, or press ? or * to list all spells.
You erupt in a fountain of uncontrolled magic!
The deep elf blademaster is blasted with magical radiation!!!
You kill the deep elf blademaster!
The deep elf knight casts a spell at you.
The shard of ice hits you!! You partially resist.
You die...
Your body crumbles into a pile of gold.

##.....#
#......#......#
#.... ##.....##
#...#..#..#...#
###### #......#
##.#..###..#.##
### .#.#####
#.#^..#.#...#.#
##.#
##.#.......#.##
###
#####'''#####
#####...#
##...''#++
#....@##
.......$.......
........$$.....
#..............
##.....e.......
#..............
...............
...............


You could see a deep elf knight.

Vanquished Creatures
  Arachne (Spider:2)
  Jorgrun (Swamp:3)
  Zenata (Elf:1)
  A deep elf blademaster (Elf:2)
  2 thorn hunters (Swamp:4)
  The ghost of RandomusNamus the Fencer, an adept MiCA of Jiyva (Swamp:2)
  Donald (Spider:1)
  A daeva (Swamp:2)
  Roxanne (Elf:1)
  The ghost of Eliad the Eclecticist, an adept DEFE of Vehumet (D:15)
  9 emperor scorpions
  A frost giant (IceCv)
  A ghoul (Swamp:4)
  An orc warlord (Orc:2)
  Louise (Spider:4)
  6 ghost moths
  A cacodemon (Swamp:2)
  Aizul (Spider:2)
  A deep elf elementalist (Elf:2)
  4 broodmothers
  A very ugly thing (D:15)
  6 bunyips
  3 spark wasps
  Azrael (Spider:1)
  6 entropy weavers
  Snorg (D:13)
  2 fire dragons
  A shambling mangrove (Swamp:4)
  3 deep elf death magi
  Josephine (Orc:1)
  A great orb of eyes (D:15)
  A spriggan air mage (Elf:2)
  A catoblepas (Lair:2)
  A ghost crab (Swamp:4)
  3 vault guards (D:14)
  2 boulder beetles
  A salamander tyrant (Elf:2)
  A rakshasa (D:15)
  25 hydras
  4 centaur warriors
  A jorogumo (Spider:4)
  4 two-headed ogres
  A merfolk aquamancer (Elf:2)
  4 radroaches
  The ghost of ArthosElwyn the Carver, a journeyman MfGl of Wu Jian (Orc:2)
  6 alligators
  8 death yaks
  2 tengu warriors (D:15)
  A thrashing horror (Swamp:2)
  An orc high priest (Orc:2)
  Nergalle (Lair:3)
  Sonja (D:11)
  6 hell knights (D:13)
  13 spriggans
  7 deep elf knights
  Urug (Lair:1)
  A death drake (Swamp:4)
  5 skeletal warriors (D:15)
  A sun moth (Spider:4)
  6 goliath frogs
  2 glowing orange brains (Swamp:2)
  7 pharaoh ants
  12 steelbarb worms
  5 spriggan druids
  13 orb spiders
  5 bog bodies
  8 swamp dragons
  16 deep elf zephyrmancers
  6 deep elf archers
  4 necromancers
  A wizard (D:14)
  An orc knight (Orc:2)
  6 lindwurms
  21 deep elf pyromancers
  3 orc sorcerers
  14 ugly things
  27 wolf spiders
  5 will-o-the-wisps
  7 cyclopes
  8 elephants
  23 slime creatures
  5 moths of wrath
  A worldbinder (Swamp:2)
  2 manticores
  Maurice (Orc:2)
  A guardian serpent (shapeshifter) (D:15)
  A large abomination (Swamp:2)
  4 smoke demons
  An apocalypse crab (Swamp:2)
  3 black mambas (Lair:6)
  An ice statue (IceCv)
  11 torpor snails
  3 gargoyles
  8 demonic crawlers
  10 cane toads
  12 rime drakes
  7 komodo dragons
  A yaktaur (shapeshifter) (D:15)
  An efreet (D:13)
  4 tengu conjurers
  15 polar bears
  3 meliai (Spider:2)
  A bloated husk (Swamp:2)
  6 tyrant leeches
  16 hornets
  8 trolls
  A raiju (Abyss:3)
  21 tarantellas
  7 blink frogs
  6 dream sheep (Lair:6)
  Grinder (D:5)
  28 culicivoras
  22 jumping spiders
  A shadow (D:9)
  2 spriggans (shapeshifter) (Elf:1)
  4 water elementals
  8 wraiths
  2 vampires
  3 air elementals
  20 humans (D:14)
  57 yaks
  4 fire elementals
  3 wyverns
  11 steam dragons
  8 basilisks
  A neqoxec (Abyss:2)
  57 redbacks
  9 swamp worms
  10 vampire mosquitoes
  6 wargs
  14 water moccasins
  29 hell hounds
  A floating eye (shapeshifter) (D:15)
  17 black bears
  18 orc warriors
  2 sky beasts
  9 swamp drakes
  4 ogres
  6 boggarts (D:14)
  29 wolves
  9 centaurs
  2 phantoms
  Blork the orc (D:5)
  5 kobold brigands (D:9)
  4 elf zombies (Elf:1)
  15 bullfrogs
  3 earth elementals
  3 necrophages
  7 scorpions
  9 wights
  4 small abominations
  14 killer bees
  An electric eel (Lair:4)
  8 howler monkeys
  4 hounds
  5 jellies
  A gnoll shaman (D:6)
  21 orc priests
  2 iguanas
  7 hell rats (Lair:1)
  21 orc wizards
  Robin (D:2)
  7 gnolls
  10 adders
  2 shadow imps
  3 white imps
  A worm (D:4)
  3 dart slugs
  96 orcs
  3 bats
  10 endoplasms
  7 giant cockroaches
  16 goblins
  12 hobgoblins
  4 quokkas
  16 ball pythons
  7 frilled lizards
  21 kobolds
  4 rats
  2 ball lightnings (D:15)
  27 briar patches (Swamp:4)
  A butterfly (Lair:3)
1313 creatures vanquished.

Vanquished Creatures (others)
  2 hydras (D:15)
  12 dancing weapons
  A deep elf zephyrmancer (Elf:2)
  A bloated husk (Swamp:4)
  A redback (Spider:3)
  A swamp worm (Swamp:4)
  A gnoll (Orc:1)
  A ball lightning (D:15)
  A bush (Lair:6)
  24 foxfires
  54 fungi
  76 plants
175 creatures vanquished.

Grand Total: 1488 creatures vanquished

Notes
Turn   | Place    | Note
-------+----------+-------------------------------------------
     0 | D:1      | Psyclone the Gnoll Ice Elementalist began the quest for the
                  | Orb.
     0 | D:1      | Reached XP level 1. HP: 13/13 MP: 6/6
   438 | D:1      | Reached XP level 2. HP: 19/19 MP: 4/7
   511 | D:1      | You fall into a shaft and drop 1 floor!
   748 | D:2      | Reached XP level 3. HP: 25/25 MP: 7/9
   756 | D:2      | Learned a level 3 spell: Frozen Ramparts
   760 | D:2      | Learned a level 3 spell: Ozocubu's Armour
   788 | D:2      | Reached skill level 5 in Spellcasting
  1018 | D:2      | Reached skill level 1 in Invocations
  1253 | D:2      | Identified the +2 helmet of Time Monsters {Int+2}
  1253 | D:2      | Noticed Robin
  1254 | D:2      | Reached skill level 1 in Fighting
  1254 | D:2      | Reached skill level 1 in Short Blades
  1254 | D:2      | Reached skill level 1 in Long Blades
  1254 | D:2      | Reached skill level 1 in Axes
  1254 | D:2      | Reached skill level 1 in Maces & Flails
  1254 | D:2      | Reached skill level 1 in Polearms
  1254 | D:2      | Reached skill level 1 in Staves
  1254 | D:2      | Reached skill level 1 in Slings
  1254 | D:2      | Reached skill level 1 in Bows
  1254 | D:2      | Reached skill level 1 in Crossbows
  1254 | D:2      | Reached skill level 1 in Throwing
  1254 | D:2      | Reached skill level 1 in Armour
  1254 | D:2      | Reached skill level 1 in Shields
  1254 | D:2      | Reached skill level 1 in Unarmed Combat
  1254 | D:2      | Reached skill level 1 in Evocations
  1262 | D:2      | Reached XP level 4. HP: 18/32 MP: 8/11
  1270 | D:2      | Killed Robin
  2063 | D:1      | Reached skill level 1 in Conjurations
  2063 | D:1      | Reached skill level 1 in Hexes
  2063 | D:1      | Reached skill level 1 in Summonings
  2063 | D:1      | Reached skill level 1 in Necromancy
  2063 | D:1      | Reached skill level 1 in Translocations
  2063 | D:1      | Reached skill level 1 in Transmutations
  2063 | D:1      | Reached skill level 1 in Fire Magic
  2063 | D:1      | Reached skill level 1 in Air Magic
  2063 | D:1      | Reached skill level 1 in Earth Magic
  2063 | D:1      | Reached skill level 1 in Poison Magic
  2123 | D:1      | Gained mutation: You are strong-willed. (Will+) [potion of
                  | mutation]
  2123 | D:1      | Gained mutation: You are highly strong-willed. (Will++)
                  | [potion of mutation]
  2144 | D:3      | Found Paduniy's Weapon Emporium.
  2178 | D:3      | Found a faded altar of an unknown god.
  2235 | D:3      | Found Sedoohei's Weapon Emporium.
  2336 | D:3      | Found Zucuepse's Armour Shoppe.
  2355 | D:3      | Found Osean's Antique Weapon Emporium.
  2432 | D:3      | Reached XP level 5. HP: 23/37 MP: 10/12
  2719 | D:3      | Found Ixoclycs's Antique Armour Boutique.
  2930 | D:3      | Found an ancient bone altar of Kikubaaqudgha.
  2951 | D:4      | Found a burning altar of Makhleb.
  3357 | D:4      | Reached XP level 6. HP: 44/44 MP: 13/13
  3362 | D:4      | Found Hoec's Antique Weapon Shop.
  3381 | D:4      | Reached skill level 5 in Dodging
  3801 | D:4      | Found Tiatuatagu's Antique Weapon Shop.
  3862 | D:4      | Found Sizxack's Mayhem Merchandise.
  3866 | D:4      | Found Pifrol's Antique Armour Shoppe.
  3867 | D:4      | Found Nihoip's General Store.
  3878 | D:4      | Reached XP level 7. HP: 42/50 MP: 15/15
  4060 | D:4      | Found Ycaddo Saad's Book Boutique.
  4252 | D:5      | Entered Level 5 of the Dungeon
  4366 | D:5      | Found a staircase to the Ecumenical Temple.
  4376 | Temple   | Entered the Ecumenical Temple
  4578 | D:5      | Noticed Blork the orc
  4583 | D:5      | Killed Blork the orc
  4798 | D:5      | Reached skill level 5 in Stealth
  5244 | D:5      | Reached XP level 8. HP: 50/57 MP: 16/16
  5650 | D:5      | Noticed Grinder
  5662 | D:5      | Killed Grinder
  6573 | D:6      | Reached XP level 9. HP: 46/65 MP: 8/18
  6581 | D:6      | Learned a level 4 spell: Hailstorm
  7324 | D:6      | Found a stormy altar of Qazlal.
  7914 | D:7      | Noticed a manticore
  7922 | D:7      | Killed a manticore
  8144 | D:7      | Noticed a komodo dragon
  8153 | D:7      | Killed a komodo dragon
  8154 | D:7      | Reached skill level 5 in Invocations
  8600 | D:7      | Found an ornate altar of the Wu Jian Council.
  8687 | D:7      | Found a hazy altar of Hepliaklqana.
  9117 | D:7      | Found Peoth's Book Shop.
  9337 | D:7      | Reached XP level 10. HP: 73/73 MP: 20/20
  9749 | D:8      | Found Beticauc's Antique Armour Shoppe.
 10088 | D:8      | Paralysed by a hornet for 3 turns
 10092 | D:8      | Reached skill level 5 in Fighting
 10092 | D:8      | Reached skill level 5 in Short Blades
 10092 | D:8      | Reached skill level 5 in Long Blades
 10092 | D:8      | Reached skill level 5 in Axes
 10092 | D:8      | Reached skill level 5 in Maces & Flails
 10092 | D:8      | Reached skill level 5 in Polearms
 10092 | D:8      | Reached skill level 5 in Staves
 10092 | D:8      | Reached skill level 5 in Slings
 10092 | D:8      | Reached skill level 5 in Bows
 10092 | D:8      | Reached skill level 5 in Crossbows
 10092 | D:8      | Reached skill level 5 in Throwing
 10092 | D:8      | Reached skill level 5 in Armour
 10092 | D:8      | Reached skill level 5 in Shields
 10092 | D:8      | Reached skill level 5 in Unarmed Combat
 10092 | D:8      | Reached skill level 5 in Evocations
 11075 | D:9      | Found an opulent altar of Gozag.
 11086 | D:9      | Became a worshipper of Gozag Ym Sagoz the Greedy
 11193 | D:9      | Noticed a centaur warrior
 11213 | D:9      | Killed a centaur warrior
 11214 | D:9      | Noticed a green ugly thing
 11226 | D:9      | Killed a green ugly thing
 11227 | D:9      | Reached XP level 11. HP: 34/81 MP: 9/22
 11309 | D:9      | Noticed a two-headed ogre
 11313 | D:9      | Identified the ring of Accord {rF+ Int+3}
 11320 | D:9      | Killed a two-headed ogre
 11321 | D:9      | Reached skill level 5 in Conjurations
 11321 | D:9      | Reached skill level 5 in Hexes
 11321 | D:9      | Reached skill level 5 in Summonings
 11321 | D:9      | Reached skill level 5 in Necromancy
 11321 | D:9      | Reached skill level 5 in Translocations
 11321 | D:9      | Reached skill level 5 in Transmutations
 11321 | D:9      | Reached skill level 5 in Fire Magic
 11321 | D:9      | Reached skill level 5 in Air Magic
 11321 | D:9      | Reached skill level 5 in Earth Magic
 11321 | D:9      | Reached skill level 5 in Poison Magic
 11777 | D:9      | Noticed a two-headed ogre
 11788 | D:9      | Killed a two-headed ogre
 12157 | D:9      | Noticed Psyche
 12178 | D:9      | Cast into level 2 of the Abyss (Psyche)
 12263 | Abyss:2  | Noticed a worldbinder
 12280 | Abyss:2  | Noticed a naga warrior
 12282 | D:9      | Escaped the Abyss
 13274 | D:3      | Bought the +4 ring mail of Lies {Slay+6} for 618 gold
                  | pieces
 13452 | D:10     | Entered Level 10 of the Dungeon
 13456 | D:10     | Identified the +6 dagger of Brawling {drain, Str+6 Dex+2}
 13676 | D:10     | Found a staircase to the Lair.
 13830 | D:10     | Found a staircase to the Orcish Mines.
 14087 | D:10     | Found a glowing golden altar of the Shining One.
 14180 | D:10     | Found a sparkling altar of Nemelex Xobeh.
 14686 | D:11     | Noticed Sonja
 14698 | D:11     | Killed Sonja
 15006 | D:11     | Noticed a green ugly thing
 15015 | D:11     | Killed a green ugly thing
 15040 | D:11     | Noticed a cyclops
 15056 | D:11     | Killed a cyclops
 15418 | D:11     | Reached XP level 12. HP: 77/89 MP: 17/24
 15589 | D:12     | Noticed a two-headed ogre
 15848 | D:12     | Noticed a two-headed ogre
 15861 | D:12     | Killed a two-headed ogre
 16637 | D:12     | Killed a two-headed ogre
 17017 | Lair:1   | Entered Level 1 of the Lair of Beasts
 17017 | Lair:1   | Noticed Urug
 17028 | Lair:1   | Killed Urug
 18141 | Lair:2   | Noticed a catoblepas
 18155 | Lair:2   | Killed a catoblepas
 18233 | Lair:2   | Reached XP level 13. HP: 94/98 MP: 19/26
 18756 | Lair:2   | Found a hole to the Spider Nest.
 19569 | Lair:3   | Noticed Nergalle
 19582 | Lair:3   | Killed Nergalle
 19879 | Lair:3   | Found a runed translucent door.
 20110 | Lair:4   | Reached skill level 10 in Ice Magic
 20633 | Lair:4   | Reached skill level 10 in Spellcasting
 20757 | Lair:4   | Learned a level 3 spell: Swiftness
 20769 | Lair:4   | Found a staircase to the Swamp.
 20877 | Lair:4   | Identified the +5 hunting sling of Turmoil {venom, rF+ rN+
                  | Will+}
 22048 | Lair:5   | Reached skill level 10 in Dodging
 22048 | Lair:5   | Reached XP level 14. HP: 106/106 MP: 22/28
 22224 | Lair:6   | Entered Level 6 of the Lair of Beasts
 22456 | Lair:6   | Found a dark tunnel.
 22476 | Lair:6   | Reached skill level 10 in Stealth
 22610 | Volcano  | Entered a volcano
 22779 | Volcano  | Reached skill level 10 in Invocations
 23495 | Lair:3   | Bought the amulet "Paqarot" {Acrobat rElec Str-4 Slay+3}
                  | for 674 gold pieces
 23860 | Lair:6   | Found a staircase to the Slime Pits.
 24292 | Lair:6   | Found a runed translucent door.
 24483 | Lair:3   | Bought the ring "Seileot" {rF- rC+ Str+6 Dex+6 Slay+5} for
                  | 1387 gold pieces
 24784 | D:4      | Bought a pitted mace for 168 gold pieces
 24784 | D:4      | Identified the +6 mace "Giant's Curse" {vamp, *Corrode
                  | Int+4 Dex+5} (You bought it in a shop on level 4 of the
                  | Dungeon)
 25398 | Lair:6   | Reached XP level 15. HP: 115/115 MP: 20/29
 26364 | Orc:1    | Entered Level 1 of the Orcish Mines
 26382 | Orc:1    | You fall into a shaft and drop 1 floor!
 26382 | Orc:2    | Entered Level 2 of the Orcish Mines
 26467 | Orc:1    | Found Oriar's Antique Weapon Boutique.
 26487 | Orc:1    | Noticed Josephine
 26511 | Orc:1    | Killed Josephine
 26512 | Orc:1    | Reached skill level 10 in Fighting
 26512 | Orc:1    | Reached skill level 10 in Short Blades
 26512 | Orc:1    | Reached skill level 10 in Long Blades
 26512 | Orc:1    | Reached skill level 10 in Axes
 26512 | Orc:1    | Reached skill level 10 in Maces & Flails
 26512 | Orc:1    | Reached skill level 10 in Polearms
 26512 | Orc:1    | Reached skill level 10 in Staves
 26512 | Orc:1    | Reached skill level 10 in Slings
 26512 | Orc:1    | Reached skill level 10 in Bows
 26512 | Orc:1    | Reached skill level 10 in Crossbows
 26512 | Orc:1    | Reached skill level 10 in Throwing
 26512 | Orc:1    | Reached skill level 10 in Armour
 26512 | Orc:1    | Reached skill level 10 in Shields
 26512 | Orc:1    | Reached skill level 10 in Unarmed Combat
 26512 | Orc:1    | Reached skill level 10 in Evocations
 26579 | Orc:1    | Found a frozen archway.
 26770 | IceCv    | Entered an ice cave
 27213 | IceCv    | Noticed a frost giant
 27230 | IceCv    | Killed a frost giant
 27361 | IceCv    | Got the Volume of Snow
 27378 | IceCv    | Learned a level 5 spell: Freezing Cloud
 27383 | IceCv    | Learned a level 4 spell: Sticky Flame
 28474 | Orc:2    | Found a staircase to the Elven Halls.
 28552 | Orc:2    | Found Catro's Self-Improvement Boutique.
 28747 | Orc:2    | Found Coylapha's Magic Scroll Shop.
 28874 | Orc:2    | Found a large runed translucent door.
 28874 | Orc:2    | Found a large runed translucent door.
 28880 | Orc:2    | Noticed ArthosElwyn's ghost (journeyman MfGl)
 28894 | Orc:2    | Killed ArthosElwyn's ghost
 29100 | Orc:2    | Noticed Maurice
 29107 | Orc:2    | Killed Maurice
 29173 | Orc:2    | Found Ryfeeh's Book Emporium.
 29202 | Orc:2    | Bought a manual of Ice Magic for 1040 gold pieces
 29202 | Orc:2    | Bought a book of Alchemy for 364 gold pieces
 29208 | Orc:2    | Learned a level 5 spell: Irradiate
 29316 | Orc:2    | Noticed an orc warlord
 29327 | Orc:2    | Killed an orc warlord
 29351 | Orc:2    | Found Suulin's Antique Armour Shoppe.
 29361 | Orc:2    | Found Ulikeun's Antique Weapon Emporium.
 29470 | Orc:2    | Bought a glowing helmet for 270 gold pieces
 29478 | Orc:2    | Bought a shiny helmet for 240 gold pieces
 29478 | Orc:2    | Bought a silken robe for 182 gold pieces
 29478 | Orc:2    | Identified the +1 robe of the Scorching Gods {rPois} (You
                  | bought it in a shop on level 2 of the Orcish Mines)
 30372 | D:13     | Identified the ring of Kucull {rPois rCorr Str+3}
 30862 | D:13     | Reached XP level 16. HP: 84/123 MP: 31/31
 31341 | D:13     | Noticed Snorg
 31355 | D:13     | Killed Snorg
 31965 | D:13     | Found a portal to a secret trove of treasure.
 32149 | Orc:2    | Bought a scroll of enchant weapon for 82 gold pieces
 32149 | Orc:2    | Bought a scroll of enchant armour for 82 gold pieces
 32149 | Orc:2    | Bought a scroll of magic mapping for 38 gold pieces
 32331 | D:13     | You paid a toll of a +6 demon whip to enter a treasure
                  | trove
 32332 | Trove    | Entered a treasure trove
 32339 | Trove    | Identified the +7 rapier of the Eleven Beggars {vorpal,
                  | *Noise rC+ Int+6 SInv}
 32343 | Trove    | Identified the ring "Lek Fia" {Will+ Str+6}
 32347 | Trove    | Identified the ring "Umuarit" {MP+9 Str+3}
 32974 | D:14     | Identified a scroll of acquirement
 32994 | D:14     | Acquired 806 gold pieces
 33176 | Orc:2    | Bought a manual of Short Blades for 1120 gold pieces
 33924 | D:14     | Found a gate to the Vaults.
 34662 | D:15     | Entered Level 15 of the Dungeon
 35294 | D:15     | Found a sacrificial altar of Ru.
 35332 | D:15     | Found a runed translucent gate.
 35333 | D:15     | Found a runed translucent gate.
 35333 | D:15     | Noticed Eliad's ghost (adept DEFE)
 35334 | D:15     | Found a runed translucent gate.
 35350 | D:15     | Killed Eliad's ghost
 35366 | D:15     | Identified the +8 scimitar of Accord {elec, rElec Int+7}
 36718 | D:15     | Found a staircase to the Depths.
 36856 | Lair:1   | Bought a pair of runed gloves for 255 gold pieces
 36923 | Spider:1 | Entered Level 1 of the Spider Nest
 38272 | Spider:1 | Reached XP level 17. HP: 131/131 MP: 17/33
 39083 | Spider:1 | Noticed Donald
 39093 | Spider:1 | Killed Donald
 39633 | Spider:1 | Noticed Azrael
 39758 | Spider:1 | Killed Azrael
 40463 | Spider:2 | Noticed Aizul
 40465 | Spider:2 | Noticed Arachne
 40476 | Spider:2 | HP: 6/132 [Arachne/staff of poison (21)]
 40476 | Spider:2 | HP: 2/132 [Arachne/staff of poison (4)]
 40482 | Spider:2 | Killed Aizul
 40483 | Spider:2 | Killed Arachne
 42338 | Spider:3 | Reached skill level 10 in Conjurations
 42338 | Spider:3 | Reached skill level 10 in Hexes
 42338 | Spider:3 | Reached skill level 10 in Summonings
 42338 | Spider:3 | Reached skill level 10 in Necromancy
 42338 | Spider:3 | Reached skill level 10 in Translocations
 42338 | Spider:3 | Reached skill level 10 in Transmutations
 42338 | Spider:3 | Reached skill level 10 in Fire Magic
 42338 | Spider:3 | Reached skill level 10 in Air Magic
 42338 | Spider:3 | Reached skill level 10 in Earth Magic
 42338 | Spider:3 | Reached skill level 10 in Poison Magic
 44471 | Spider:3 | Reached XP level 18. HP: 134/140 MP: 24/35
 44595 | Spider:3 | Learned a level 5 spell: Fireball
 44605 | Spider:4 | Entered Level 4 of the Spider Nest
 45034 | Spider:4 | Noticed Louise
 45054 | Spider:4 | Killed Louise
 45706 | Spider:4 | Identified the +0 hat of the Flute {Rampage Drain rPois
                  | Stlth+}
 45745 | Spider:4 | Got a gossamer rune of Zot
 45944 | Lair:2   | Bought a pair of embroidered boots for 270 gold pieces
 46070 | Swamp:1  | Entered Level 1 of the Swamp
 46104 | Swamp:1  | HP: 4/141 [will-o-the-wisp (13)]
 46527 | Swamp:1  | HP: 7/141 [will-o-the-wisp/foxfire (48)]
 48976 | Swamp:2  | Found a transporter.
 48985 | Swamp:2  | Found a transporter.
 48998 | Swamp:2  | Found a one-way gate to the infinite horrors of the Abyss.
 49020 | Swamp:2  | Noticed RandomusNamus's ghost (adept MiCA)
 49025 | Swamp:2  | Gained mutation: Your body sometimes deteriorates upon
                  | taking damage. [a cacodemon]
 49748 | Swamp:2  | Paralysed by you for 7 turns
 49752 | Swamp:2  | Cast into level 2 of the Abyss (spriggan druid)
 49839 | Abyss:2  | Gained mutation: You sometimes lose the ability to read
                  | scrolls when taking damage. [a neqoxec]
 49869 | Abyss:2  | Lost mutation: You are highly strong-willed. (Will++)
                  | [potion of mutation]
 49869 | Abyss:2  | Lost mutation: You are strong-willed. (Will+) [potion of
                  | mutation]
 49869 | Abyss:2  | Lost mutation: Your body sometimes deteriorates upon taking
                  | damage. [potion of mutation]
 49869 | Abyss:2  | Gained mutation: You are clumsy. (Dex -2) [potion of
                  | mutation]
 49869 | Abyss:2  | Gained mutation: You have a pair of small horns on your
                  | head. [potion of mutation]
 49870 | Abyss:2  | Lost mutation: You sometimes lose the ability to read
                  | scrolls when taking damage. [potion of mutation]
 49870 | Abyss:2  | Lost mutation: You are clumsy. (Dex -2) [potion of
                  | mutation]
 49870 | Abyss:2  | Gained mutation: You have hidden genetic defects. [potion
                  | of mutation]
 49870 | Abyss:2  | Gained mutation: Your body sometimes deteriorates upon
                  | taking damage. [potion of mutation]
 49871 | Abyss:2  | Lost mutation: You have a pair of small horns on your head.
                  | [potion of mutation]
 49871 | Abyss:2  | Lost mutation: Your body sometimes deteriorates upon taking
                  | damage. [potion of mutation]
 49871 | Abyss:2  | Lost mutation: You have hidden genetic defects. [potion of
                  | mutation]
 49871 | Abyss:2  | Gained mutation: You have hidden genetic potential. [potion
                  | of mutation]
 49871 | Abyss:2  | Gained mutation: You expend magic power (3 MP) to
                  | strengthen your wands. [potion of mutation]
 49871 | Abyss:2  | Gained mutation: You have supernaturally acute eyesight.
                  | (SInv) [potion of mutation]
 49899 | Abyss:3  | Found an opulent altar of Gozag.
 49971 | Abyss:3  | Noticed a bone dragon
 49992 | Abyss:4  | Found a corrupted altar of Lugonu.
 50005 | Swamp:2  | Escaped the Abyss
 50413 | Swamp:2  | Killed RandomusNamus's ghost
 50414 | Swamp:2  | Reached XP level 19. HP: 85/148 MP: 4/36
 50422 | Swamp:2  | Got Lugonu's Collected Works on the Traveller
 50646 | Swamp:2  | Identified the +1 helmet of Muiqofy {Will+}
 51287 | Swamp:3  | Noticed Jorgrun
 51304 | Swamp:3  | Killed Jorgrun
 51709 | Swamp:4  | Entered Level 4 of the Swamp
 52820 | Swamp:4  | Learned a level 4 spell: Passage of Golubria
 53373 | Swamp:4  | Reached skill level 15 in Short Blades
 53811 | Swamp:4  | Got a decaying rune of Zot
 54557 | Elf:1    | Entered Level 1 of the Elven Halls
 55508 | Elf:1    | Found a shimmering blue altar of Sif Muna.
 55696 | Elf:1    | Identified Roxanne's Papyrus of Transmutation
 55696 | Elf:1    | Noticed Roxanne
 55714 | Elf:1    | Killed Roxanne
 56712 | Elf:1    | Reached skill level 15 in Ice Magic
 56717 | Elf:1    | Got the Disquisition on Evil
 56847 | Elf:1    | Noticed Zenata
 56864 | Elf:1    | Killed Zenata
 56868 | Elf:1    | Gained mutation: You have a pair of small horns on your
                  | head. [hidden potential]
 57170 | Elf:1    | Lost mutation: You have hidden genetic potential. [potion
                  | of mutation]
 57170 | Elf:1    | Lost mutation: You have a pair of small horns on your head.
                  | [potion of mutation]
 57170 | Elf:1    | Gained mutation: You are partially covered in iridescent
                  | scales. (AC +2) [potion of mutation]
 57583 | Elf:2    | Reached XP level 20. HP: 149/157 MP: 38/38
 57827 | Elf:2    | Paralysed by an air elemental for 1 turns
 57881 | Elf:2    | Got Suesi's Incunabulum of Lightness
 57892 | Elf:2    | Got the Papyrus of Earth
 58102 | Elf:2    | Found a runed translucent gate.
 58102 | Elf:2    | Found a runed translucent gate.
 58103 | Elf:2    | Found a runed translucent gate.
 58340 | Elf:2    | Killed from afar by a deep elf knight

Illustrated notes

Levels and vault maps discovered:
D:1:      lemuel_arrival_lava_pool, layout_rooms, minmay_heptomino_o4
D:2:      layout_loops_cross, kennysheep_generic_room_4, uniq_robin
D:3:      layout_loops_cross, mainiacjoe_overflow_brackets, serial_shops, shop,
          nicolae_shop_bloodbath_and_beyond, nicolae_shop_statue_plus, shop,
          shop, hellmonk_ecumenical_altar_arch_garden
D:4:      layout_loops_cross, bloody_makhleb, serial_shops,
          nicolae_shop_crystal, nicolae_shop_competitors_out_of_business,
          nicolae_shop_stone, kennysheep_mini_moat, shop, minmay_shop_mayhem,
          corexii_corridor_pit, minmay_diced_spiral
D:5:      layout_loops_ring, minmay_temple_entry_statues_pillars,
          grunt_ministairs_7, saegor_snake_ambush, uniq_blork_the_orc,
          uniq_grinder
D:6:      layout_basic, nicolae_qazlal_style_of_elements, hex_tiny
D:7:      layout_layer_cave, mainiacjoe_overflow_catwalk,
          nzn_wu_jian_council_hall, serial_shops, shop
D:8:      layout_rooms, serial_shops, shop
D:9:      layout_irregular_city, nicolae_gozag_seed_capital,
          minmay_pinched_square, uniq_psyche
D:10:     layout_long_grid, tso_oasis_becter, nemelex_xobeh_ov_fountains_minmay,
          due_lair_maze_entry_diamond, orc_0_dummy
D:11:     layout_cave_pods, uniq_sonja
D:12:     layout_basic
D:13:     layout_roguey, enter_trove_6, minmay_rotating_lava, uniq_snorg
D:14:     layout_basic, grunt_vaults_entry_tiered, serial_corexii_hall,
          corexii_hall_statues_x, corexii_hall_statues_l,
          corexii_hall_statues_s, corexii_hall_statues_x,
          roderic_serpentine_path, st_stairs_9, interstate_on_off,
          nicolae_concentric_dashed_squares_mild
D:15:     gammafunk_enter_depths_forms, layout_stronghold,
          gammafunk_ghost_hydra_chop, nicolae_ru_great_annihilating_truth
Temple:   eino_temple_lava
Lair:1:   layout_regular_city, chequers_serial_rivers_large_b, uniq_urug
Lair:2:   layout_small_grid, spider_nest_entry_funnel_web
Lair:3:   layout_cave_pods, pf_torpor_hydra, lemuel_fruit_fields,
          lemuel_fruit_fields, uniq_nergalle
Lair:4:   layout_roguey, nicolae_swamp_entry_splash_gauntlet, fungi_pond_lemuel
Lair:5:   layout_layer_cave, minmay_holes
Lair:6:   wormcave, layout_cave_shapes, hangedman_lair_caniforms_friends,
          nicolae_slime_entry_slimehenge, nicolae_volcano_entry_hallway,
          guppyfry_lair_drakes
Swamp:1:  layout_basic_swamp, hangedman_swamp_diagram
Swamp:2:  layout_basic_swamp, gammafunk_ghost_abyssal_escape,
          hangedman_swamp_lotus, swamp_pool2
Swamp:3:  layout_falls_marsh, nicolae_swamp_tree_designs, uniq_jorgrun
Swamp:4:  swamp, layout_basic_swamp, swamp_pool2
Spider:1: layout_cave_pods, uniq_donald, uniq_azrael
Spider:2: layout_spider_delve, uniq_arachne, uniq_aizul
Spider:3: nicolae_spider_hilbert_zone_2 [nicolae_spider_hilbert_4_sides_1_open,
          nicolae_spider_hilbert_4_sides_1_open,
          nicolae_spider_hilbert_4_sides_1_open,
          nicolae_spider_hilbert_4_sides_1_open,
          nicolae_spider_hilbert_6_sides_1_open,
          nicolae_spider_hilbert_6_sides_1_open,
          nicolae_spider_hilbert_3_sides_1_open,
          nicolae_spider_hilbert_3_sides_1_open,
          nicolae_spider_hilbert_3_sides_1_open,
          nicolae_spider_hilbert_3_sides_1_open,
          nicolae_spider_hilbert_6_sides_1_open,
          nicolae_spider_hilbert_6_sides_1_open,
          nicolae_spider_hilbert_6_sides_1_open,
          nicolae_spider_hilbert_6_sides_1_open]
Spider:4: guppyfry_spider_rune, uniq_louise
Orc:1:    layout_caves, serial_shops, nicolae_shop_trees,
          portal_ice_cave_entry_pillars_1, uniq_josephine
Orc:2:    grunt_orc_community_town_hall, layout_caves,
          grunt_orc_community_big_house_1, grunt_orc_community_big_house_2,
          grunt_orc_community_house_2, grunt_orc_community_house_1,
          grunt_orc_community_house_3, grunt_orc_community_house_2,
          grunt_orc_community_house_2, ebering_ghost_disaster_area,
          nicolae_shop_self_help, uniq_maurice
Elf:1:    elf_arrival_002, layout_gridlike, basic_altar, minmay_elf_necromancy,
          st_stairs_14, glass_columns_b, minivault_4, uniq_zenata, uniq_roxanne
Elf:2:    elven_hall_of_blades_hangedman_original
          [nicolae_blade_entry_crossed_weapons], layout_loops_corners,
          nicolae_elf_elemental_lessons

Skill      XL: |  1  2  3  4  5  6  7  8  9 10 11 12 13 14 15 16 17 18 19 |
---------------+----------------------------------------------------------+-----
Spellcasting   | 5 6 7 8 9 10 11 12 13 14 | 14.3
Invocations    | 1 2 3 4 5 6 7 8 9 10 11 12 13 14 | 14.7
Fighting       | 1 2 3 4 5 6 7 8 9 10 11 12 13 | 13.5
Short Blades   | 1 2 3 4 5 6 7 8 9 10 11 13 14 15 | 15.7
Long Blades    | 1 2 3 4 5 6 7 8 9 10 11 12 13 | 13.5
Axes           | 1 2 3 4 5 6 7 8 9 10 11 12 13 | 13.5
Maces & Flails | 1 2 3 4 5 6 7 8 9 10 11 12 13 | 13.5
Polearms       | 1 2 3 4 5 6 7 8 9 10 11 12 13 | 13.5
Staves         | 1 2 3 4 5 6 7 8 9 10 11 12 13 | 13.5
Slings         | 1 2 3 4 5 6 7 8 9 10 11 12 13 | 13.5
Bows           | 1 2 3 4 5 6 7 8 9 10 11 12 13 | 13.5
Crossbows      | 1 2 3 4 5 6 7 8 9 10 11 12 13 | 13.5
Throwing       | 1 2 3 4 5 6 7 8 9 10 11 12 13 | 13.5
Armour         | 1 2 3 4 5 6 7 8 9 10 11 12 13 | 13.5
Shields        | 1 2 3 4 5 6 7 8 9 10 11 12 13 | 13.5
Unarmed Combat | 1 2 3 4 5 6 7 8 9 10 11 12 13 | 13.5
Evocations     | 1 2 3 4 5 6 7 8 9 10 11 12 13 | 13.5
Conjurations   | 1 2 3 4 5 6 7 8 9 10 11 | 11.5
Hexes          | 1 2 3 4 5 6 7 8 9 10 11 | 11.5
Summonings     | 1 2 3 4 5 6 7 8 9 10 11 | 11.5
Necromancy     | 1 2 3 4 5 6 7 8 9 10 11 | 11.5
Translocations | 1 2 3 4 5 6 7 8 9 10 11 | 11.5
Transmutations | 1 2 3 4 5 6 7 8 9 10 11 | 11.5
Fire Magic     | 1 2 3 4 5 6 7 8 9 10 11 | 11.5
Air Magic      | 1 2 3 4 5 6 7 8 9 10 11 | 11.5
Earth Magic    | 1 2 3 4 5 6 7 8 9 10 11 | 11.5
Poison Magic   | 1 2 3 4 5 6 7 8 9 10 11 | 11.5
Dodging        | 5 6 7 8 9 10 11 12 13 14 | 14.2
Stealth        | 5 6 7 8 9 10 11 12 13 14 | 14.1
Ice Magic      | 8 9 10 11 12 13 14 15 | 15.2

Action                   |  1- 3 |  4- 6 |  7- 9 | 10-12 | 13-15 | 16-18 | 19-21 || total
-------------------------+-------+-------+-------+-------+-------+-------+-------++-------
Melee: Dagger            |    26 |   110 |   201 |   449 |   753 |   164 |       ||  1703
       Bite              |       |    11 |    29 |    69 |   148 |   135 |    55 ||   447
       Punch             |       |     2 |       |       |       |       |       ||     2
       Scimitar          |       |       |       |       |       |    36 |    85 ||   121
       Rapier            |       |       |       |       |       |    46 |     7 ||    53
       Staff             |       |       |       |       |       |   479 |   250 ||   729
 Fire: Fustibalus        |       |       |       |     1 |       |       |       ||     1
       Hunting sling     |       |       |       |       |     2 |       |       ||     2
 Cast: Freeze            |    30 |     6 |    25 |    31 |    51 |    35 |    33 ||   211
       Frozen Ramparts   |     2 |    10 |    30 |    48 |    99 |    77 |    10 ||   276
       Ozocubu's Armour  |       |     3 |    27 |    41 |    74 |    57 |    18 ||   220
       Hailstorm         |       |       |     3 |    21 |    53 |    65 |    32 ||   174
       Freezing Cloud    |       |       |       |       |    11 |    31 |    22 ||    64
       Irradiate         |       |       |       |       |       |    74 |    53 ||   127
       Swiftness         |       |       |       |       |       |     1 |       ||     1
       Fireball          |       |       |       |       |       |    10 |     7 ||    17
Invok: Call Merchant     |       |       |       |     1 |     2 |     2 |     1 ||     6
Evoke: Wand              |       |       |       |       |       |     1 |       ||     1
  Use: Potion            |     1 |     4 |     5 |     2 |     4 |    13 |     2 ||    31
       Scroll            |       |     5 |     7 |     6 |     9 |    12 |     2 ||    41
 Stab: Sleeping          |     1 |     6 |     2 |     1 |     2 |     4 |     7 ||    23
       Distracted        |       |       |       |     1 |     7 |    13 |     4 ||    25
       Paralysed         |       |       |       |       |       |     1 |       ||     1
Armor: Robe              |     3 |    13 |    19 |       |       |       |       ||    35
       Animal skin       |       |       |    42 |    32 |       |       |       ||    74
       Skin              |       |       |     3 |       |       |       |       ||     3
       Steam dragon scal |       |       |       |    57 |       |       |       ||    57
       Ring mail         |       |       |       |    96 |   366 |   484 |   251 ||  1197
Dodge: Dodged            |    31 |    83 |   146 |   405 |   795 |   959 |   481 ||  2900

Table legend: (Time is in decaauts)
 A = Elapsed time spent in this place.
 B = Non-inter-level travel time spent in this place.
 C = Inter-level travel time spent in this place.
 D = Time resting spent in this place.
 E = Time spent auto-exploring this place.
 F = Levels seen in this place.
 G = Mean time per level.
                   A        B        C        D        E       F      G
               +--------+--------+--------+--------+--------+-----+--------+
         Total |  57958 |  53189 |   4769 |  11592 |  29441 |  41 | 1413.6 |
       Dungeon |  24090 |  21349 |   2741 |   3435 |  14066 |  15 | 1606.0 |
        Temple |     34 |     29 |      5 |      0 |      4 |   1 |   34.0 |
          Lair |   9786 |   8676 |   1110 |   1528 |   5089 |   6 | 1631.0 |
         Swamp |   7422 |   7191 |    231 |   2892 |   2635 |   4 | 1855.5 |
   Spider Nest |   8535 |   8280 |    255 |   1882 |   4546 |   4 | 2133.8 |
  Orcish Mines |   3060 |   2647 |    413 |    894 |    922 |   2 | 1530.0 |
   Elven Halls |   3387 |   3374 |     13 |    698 |   1840 |   2 | 1693.5 |
         Abyss |    354 |    354 |      0 |      6 |     70 |   4 |   88.5 |
         Trove |     50 |     50 |      0 |      0 |      0 |   1 |   50.0 |
      Ice Cave |    783 |    783 |      0 |    156 |    264 |   1 |  783.0 |
       Volcano |    452 |    452 |      0 |    100 |      3 |   1 |  452.0 |
               +--------+--------+--------+--------+--------+-----+--------+

Top non-repeatable levels by time:
 Swamp:2: 2919 daAuts
Spider:1: 2812 daAuts
 Swamp:4: 2777 daAuts
Spider:3: 2688 daAuts
  Lair:6: 2428 daAuts
     D:9: 2361 daAuts
  Lair:4: 2323 daAuts
   Elf:1: 2261 daAuts
     D:7: 2087 daAuts
    D:15: 2061 daAuts
    D:13: 2050 daAuts
   Orc:2: 1994 daAuts
Spider:2: 1959 daAuts
     D:6: 1956 daAuts
    D:12: 1728 daAuts
